 Dungeon Crawl Stone Soup version 0.19.1 (webtiles) character file.

10685 floAr the Basher (level 11, -5/95 HPs)
             Began as a Minotaur Fighter on Dec 3, 2016.
             Slain by an unseen horror (7 damage)
             ... on level 11 of the Dungeon.
             The game lasted 00:34:04 (10647 turns).

floAr the Basher (Minotaur Fighter)                Turns: 10647, Time: 00:34:05

Health: -5/95      AC: 11    Str: 24    XL:     11   Next: 39%
Magic:  13/13      EV: 12    Int:  5    God:
Gold:   388        SH: 17    Dex: 13    Spells: 0 memorised, 14 levels left

rFire  . . .     SeeInvis .     m - +4 mace
rCold  . . .     Gourm    .     b - +0 scale mail
rNeg   + + .     Faith    .     c - +0 shield
rPois  +         Spirit   .     (helmet restricted)
rElec  .         Reflect  +     v - +0 cloak
rCorr  .         Harm     .     l - +0 pair of gloves
MR     .....                    (no boots)
Stlth  ..........               w - +5 amulet of reflection
                                (no ring)
                                x - ring of Efapn {rPois rN++ Dex+3}

@: no status effects
A: retaliatory headbutt, horns 2
a: no special abilities


You were on level 11 of the Dungeon.
You were not hungry.

You visited 1 branch of the dungeon, and saw 11 of its levels.

You collected 587 gold pieces.
You spent 199 gold pieces at shops.

Inventory:

Hand Weapons
 a - a +0 war axe
 m - a +4 mace (weapon)
 u - a +4 quarterstaff of chaos
 M - the +6 scimitar of Tapp {pain, rF+, unknown}
   (You found it on level 11 of the Dungeon)

   In the hands of one skilled in necromantic magic, it inflicts extra damage on
   living creatures.
   It protects you from fire.
 Q - a +2 short sword of protection
Armour
 b - a +0 scale mail (worn)
 c - a +0 shield (worn)
 l - a +0 pair of gloves (worn)
 v - a +0 cloak (worn)
 K - a +0 shield
Magical Staves
 n - an uncursed staff of death {unknown}
 N - an uncursed staff of wizardry {unknown}
Jewellery
 w - a +5 amulet of reflection (around neck)
 x - the ring of Efapn (left hand) {rPois rN++ Dex+3}
   (You found it on level 4 of the Dungeon)

   [ring of poison resistance]

   It affects your dexterity (+3).
   It protects you from poison.
   It greatly protects you from negative energy.
 C - an uncursed ring of fire
 E - a cursed +5 ring of strength
 F - an uncursed ring of poison resistance {unknown}
 J - an uncursed ring of resist corrosion
 O - an uncursed ring of flight {unknown}
Wands
 k - a wand of polymorph (0/24)
 B - a wand of enslavement (9/24)
 H - a wand of enslavement (18/24)
 I - a wand of polymorph (4/24)
 R - a wand of acid (7/15)
 T - a wand of lightning (9/15)
 U - a wand of digging (14/24)
Scrolls
 e - 3 scrolls of remove curse
 g - 2 scrolls of random uselessness {unknown}
 i - 2 scrolls of amnesia {unknown}
 j - a scroll of fog
 r - a scroll of blinking {unknown}
 y - a scroll of teleportation {unknown}
 A - 2 scrolls of immolation {unknown}
 D - a scroll of enchant weapon {unknown}
 L - 4 scrolls of fear {unknown}
 S - a scroll of noise {unknown}
 V - a scroll of magic mapping {unknown}
Potions
 d - 4 potions of curing
 p - 4 potions of mutation {unknown}
 q - a potion of berserk rage {unknown}
 s - 2 potions of magic {unknown}
 z - a potion of heal wounds {unknown}
Books
 P - a book of Cantrips

   Spells                             Type                      Level
   a - Confusing Touch                Hexes                        1
   b - Animate Skeleton               Necromancy                   1
   c - Summon Small Mammal            Summoning                    1
   d - Apportation                    Translocation                1
 W - a book of Necromancy

   Spells                             Type                      Level
   a - Pain                           Necromancy                   1
   b - Animate Skeleton               Necromancy                   1
   c - Vampiric Draining              Necromancy                   3
   d - Regeneration                   Charms/Necromancy            3
   e - Animate Dead                   Necromancy                   4
   f - Control Undead                 Necromancy                   4
Comestibles
 f - 7 bread rations
 h - 3 fruits
 o - 8 beef jerkies
 t - 4 slices of pizza
 G - 9 royal jellies


   Skills:
 + Level 8.9 Fighting
 + Level 7.3(10.9) Axes
 * Level 12.6(13.3) Maces & Flails
 + Level 3.1 Throwing
 + Level 8.3 Armour
 + Level 5.8 Dodging
 + Level 1.0 Stealth
 + Level 9.8 Shields
 + Level 3.4 Unarmed Combat
 + Level 2.1 Spellcasting
 + Level 0.3 Evocations


You had 14 spell levels left.
You didn't know any spells.

Dungeon Overview and Level Annotations

Branches:
Dungeon (11/15)            Temple (0/1) D:4            Lair (0/6) D:11
    Orc (0/2) D:11

Altars:
Cheibriados
Dithmenos
Fedhas
Gozag
Vehumet
Xom

Shops:
D:5 %   D:10 *

Annotations:
D:2 Natasha
D:8 TheSquall's ghost, novice MiFi
D:11 Sonja


Innate Abilities, Weirdness & Mutations

You reflexively headbutt those who attack you in melee.
You have a pair of horns on your head.


Message History

You are no longer poisoned.
Something hits you but does no damage.
Sonja zaps a wand.
The bolt of lightning misses you.
It is a wand of lightning.
Something hits you!
* * * LOW HITPOINT WARNING * * *
Sonja gestures wildly while chanting.
Sonja blinks!
Something hits you.
* * * LOW HITPOINT WARNING * * *
You see here a giant club.
Something hits you.
* * * LOW HITPOINT WARNING * * *
Something hits you but does no damage. Something hits you but does no damage.
Something hits you.
* * * LOW HITPOINT WARNING * * *
Something hits you but does no damage. Something hits you.
* * * LOW HITPOINT WARNING * * *
Something hits you!
You die...

.........#....# #....#...........
........#....#.#....#...........
#......+....#.#....#...........
#......#......+....#...........
#...†††#......#+####...........
..#####'##.......................
..............#..................
....##........#..................
... #........#.@................
...(##........#.....#............
.............†#..................
.............)...................
#################################


There were no monsters in sight!

Vanquished Creatures
  A hydra (D:11)
  2 hill giants (D:11)
  An ugly thing (D:11)
  A manticore (D:11)
  A guardian serpent (D:9)
  The ghost of qice the Skirmisher, a novice FoFi of Qazlal (D:4)
  A gargoyle (D:10)
  A centaur skeleton (D:11)
  A troll (D:11)
  A hornet (D:8)
  A two-headed ogre (D:10)
  A hippogriff (D:8)
  Prince Ribbit (D:6)
  A soldier ant (D:8)
  2 sky beasts
  3 ice beasts
  2 black bears (D:6)
  4 orc warriors
  6 ogres
  2 phantoms
  2 necrophages
  7 centaurs
  A crocodile (D:9)
  3 big kobolds
  6 bullfrogs
  Blork the orc (D:4)
  12 killer bees
  2 scorpions
  3 howler monkeys
  A bullfrog zombie (D:5)
  3 crimson imps
  6 orc priests
  A quasit (D:7)
  Crazy Yiuf (D:5)
  3 bullfrog skeletons
  3 hounds
  6 jellies
  14 orc wizards
  Natasha (twice) (D:2)
  3 iguanas
  Ijyb (D:2)
  8 worker ants
  A killer bee zombie (D:6)
  A hound skeleton (D:8)
  Robin (D:2)
  2 worker ant zombies
  8 adders
  7 gnolls (D:7)
  A shadow imp (D:7)
  A worm (D:3)
  A dart slug (D:2)
  5 leopard geckos
  44 orcs
  7 bats
  8 giant cockroaches
  7 hobgoblins
  7 jackals
  2 quokkas
  2 ball pythons
  6 frilled lizards
  12 goblins
  19 kobolds
  2 leopard gecko skeletons (D:7)
  A quokka skeleton (D:6)
  2 quokka zombies
  10 rats
280 creatures vanquished.

Vanquished Creatures (others)
  3 centaurs
  A kobold (D:8)
  A fungus (D:5)
5 creatures vanquished.

Grand Total: 285 creatures vanquished

Notes
Turn   | Place    | Note
-------+----------+-------------------------------------------
     0 | D:1      | floAr the Minotaur Fighter began the quest for the Orb.
     0 | D:1      | Reached XP level 1. HP: 19/19 MP: 0/0
   190 | D:1      | Reached XP level 2. HP: 27/27 MP: 1/1
   658 | D:2      | Noticed Robin
   662 | D:2      | Reached XP level 3. HP: 32/33 MP: 2/2
   674 | D:2      | Killed Robin
   865 | D:2      | Noticed Ijyb
   883 | D:2      | Killed Ijyb
   883 | D:2      | Reached XP level 4. HP: 35/40 MP: 3/3
  1147 | D:2      | Noticed Natasha
  1152 | D:2      | Killed Natasha
  1179 | D:2      | Noticed Natasha
  1190 | D:2      | Killed Natasha
  1190 | D:2      | Reached XP level 5. HP: 14/46 MP: 4/4
  1292 | D:2      | Noticed Natasha
  1415 | D:2      | Reached skill level 1 in Dodging
  1415 | D:2      | Reached skill level 5 in Shields
  1866 | D:4      | Found a staircase to the Ecumenical Temple.
  1866 | D:4      | Noticed qice's ghost (novice FoFi)
  1889 | D:4      | HP: 2/46 [qice's ghost (6)]
  1890 | D:5      | Entered Level 5 of the Dungeon
  1893 | D:5      | Reached skill level 5 in Maces & Flails
  1894 | D:5      | Reached XP level 6. HP: 21/60 MP: 8/8
  1910 | D:5      | Found an opulent altar of Gozag.
  2635 | D:5      | Reached XP level 7. HP: 66/66 MP: 9/9
  2642 | D:5      | Found a shimmering altar of Xom.
  2643 | D:5      | Found a radiant altar of Vehumet.
  2659 | D:5      | Reached skill level 6 in Maces & Flails
  2804 | D:5      | Found Caont's Food Shoppe.
  2812 | D:5      | Bought a royal jelly for 20 gold pieces
  2812 | D:5      | Bought a beef jerky for 15 gold pieces
  2812 | D:5      | Bought a bread ration for 50 gold pieces
  2812 | D:5      | Bought a bread ration for 50 gold pieces
  3125 | D:5      | Found a runed door.
  3129 | D:5      | Noticed Crazy Yiuf
  3133 | D:5      | Killed Crazy Yiuf
  3271 | D:5      | Reached XP level 8. HP: 73/73 MP: 10/10
  3408 | D:5      | Reached skill level 7 in Maces & Flails
  3672 | D:4      | Got a coiled lapis lazuli ring
  3884 | D:4      | Noticed Blork the orc
  3894 | D:4      | Killed Blork the orc
  4709 | D:4      | Killed qice's ghost
  4709 | D:4      | Reached skill level 8 in Maces & Flails
  4819 | D:4      | Reached XP level 9. HP: 79/79 MP: 11/11
  4914 | D:6      | Noticed Prince Ribbit
  4921 | D:6      | Killed Prince Ribbit
  5110 | D:6      | Found a snail-covered altar of Cheibriados.
  5305 | D:6      | Found a blossoming altar of Fedhas.
  5712 | D:7      | Reached skill level 9 in Maces & Flails
  5717 | D:7      | Identified the ring of Efapn {rPois rN++ Dex+3} (You found it on level 4 of the Dungeon)
  6060 | D:7      | Reached skill level 5 in Dodging
  6627 | D:8      | Found a blossoming altar of Fedhas.
  6697 | D:8      | Reached XP level 10. HP: 88/88 MP: 12/12
  6909 | D:8      | Noticed TheSquall's ghost (novice MiFi)
  6913 | D:8      | Reached skill level 10 in Maces & Flails
  7286 | D:8      | Found a shadowy altar of Dithmenos.
  8491 | D:9      | Noticed a guardian serpent
  8502 | D:9      | Killed a guardian serpent
  8733 | D:10     | Entered Level 10 of the Dungeon
  8884 | D:10     | Noticed a gargoyle
  8896 | D:10     | Killed a gargoyle
  8896 | D:10     | Reached skill level 11 in Maces & Flails
  9238 | D:10     | Found Goeph's Assorted Antiques.
  9246 | D:10     | Bought a scroll of identify for 64 gold pieces
  9609 | D:11     | Noticed a hill giant
  9625 | D:11     | Killed a hill giant
  9625 | D:11     | Reached skill level 1 in Stealth
  9775 | D:11     | Found a staircase to the Orcish Mines.
  9823 | D:11     | Got an encrusted scimitar
  9884 | D:11     | Reached XP level 11. HP: 78/95 MP: 13/13
  9964 | D:11     | Noticed a four-headed hydra
  9973 | D:11     | Killed a four-headed hydra
  9982 | D:11     | Reached skill level 12 in Maces & Flails
  9983 | D:11     | Found a staircase to the Lair.
 10139 | D:11     | Noticed a purple ugly thing
 10156 | D:11     | Killed a purple ugly thing
 10193 | D:11     | HP: 2/95 [manticore (10)]
 10586 | D:11     | Noticed a hill giant
 10596 | D:11     | Killed a hill giant
 10635 | D:11     | Noticed Sonja
 10642 | D:11     | HP: 3/95 [something (6)]
 10646 | D:11     | HP: 1/95 [something (1)]
 10647 | D:11     | Slain by an unseen horror

Skill      XL: |  1  2  3  4  5  6  7  8  9 10 11 |
---------------+----------------------------------+-----
Shields        | 4 6 7 8 9 |  9.8
Armour         | 4 6 7 8 |  8.3
Axes           | 3 4 7 |  7.3
Fighting       | 4 7 8 |  8.9
Dodging        | 3 4 5 |  5.8
Maces & Flails | 5 6 8 9 11 12 | 12.6
Throwing       | 3 |  3.1
Unarmed Combat | 3 |  3.4
Spellcasting   | 2 |  2.1
Stealth        | 1 |  1.0
Evocations     | |  0.3

Action                   |  1- 3 |  4- 6 |  7- 9 | 10-12 || total
-------------------------+-------+-------+-------+-------++-------
Melee: War axe           |    69 |    39 |       |       ||   108
       Headbutt          |     9 |    16 |    80 |    84 ||   189
       Unarmed           |    14 |       |       |       ||    14
       Mace              |       |    89 |   403 |   323 ||   815
Evoke: Wand              |       |       |     3 |       ||     3
  Use: Potion            |       |     4 |       |       ||     4
       Scroll            |       |     2 |     3 |     5 ||    10
  Eat: Meat ration       |       |     1 |     1 |     1 ||     3
       Bread ration      |       |     1 |     1 |       ||     2
       Royal jelly       |       |       |     1 |       ||     1
       Pizza             |       |       |     1 |       ||     1
       Fruit             |       |       |       |     6 ||     6
Armor: Scale mail        |    46 |    60 |   108 |    89 ||   303
Dodge: Dodged            |    36 |    35 |    78 |    83 ||   232
Block: Shield            |    39 |    79 |   274 |   265 ||   657
       Reflection        |       |       |    11 |    24 ||    35
